AoeStats
← Azedo94

Coastal Forest

510324954Analyzed
2v2 RM · 2d ago on Sep 30, 2026· 18m 28s· 4 players
Game mode
Random Map
Map size
Medium (4 player)
Population
200
Speed
Normal
Resources
Standard
Victory
Conquest
Starting age
Dark Age
Ending age
Imperial Age
RankedLock teamsTeams togetherTeam positionsShared explorationLock speedFull tech treeHidden civsTurbo modeCheats
Victory
Defeat
🇩🇪 Franks · Germany
1265
+17
🇷🇴 Mongols · Romania
1218
+18
🇮🇪 Cumans · Ireland
1284
-18
🇮🇪 Armenians · Ireland
1266
-17
Mc.KarlyB
5:28 Loom
10:02 Feudal Age
10:26 Man-at-Arms
14:11 Long Swordsman
scallywag
3:50 Loom
11:04 Feudal Age
11:50 Double-Bit Axe
12:12 Man-at-Arms
w.tataieee
0:46 Loom
10:40 Feudal Age
13:40 Double-Bit Axe
14:07 Man-at-Arms
Azedo94
7:01 Loom
11:09 Feudal Age
9:59 Loom
15:25 Castle Age
14:26 Scale Barding Armor
Connection lost

Rejoining the realm…

Still unreachable

The connection could not be restored.

Session expired

The server has moved on; the page needs a fresh start.